 Dungeon Crawl Stone Soup version 0.30.1-3-gfc49f6343a (webtiles) character file.

Game seed: 5714471901085360176

487 Eitelfritz the Firebug (level 6, -1/46 HPs)
             Began as a Draconian Fire Elementalist on July 28, 2023.
             Killed by divine providence
             ... invoked by an orc priest
              (15 damage)
             ... on level 5 of the Dungeon.
             The game lasted 00:14:03 (4881 turns).

Eitelfritz the Firebug (DrFE)                       Turns: 4881, Time: 00:14:04

Health: -1/46      AC: 10    Str: 10    XL:     6   Next: 89%
Magic:  0/11       EV: 12    Int: 18    God:
Gold:   195        SH:  0    Dex: 14    Spells: 6/12 levels left

rFire   + + .        a - +2 whip (freeze)
rCold   . . .        (no shield)
rNeg    . . .        (body armour unavailable)
rPois   .            (helmet restricted)
rElec   .            d - +0 cloak
rCorr   .            (no gloves)
SInv    .            e - +2 pair of boots
Will    .....        n - amulet "Gizit" {Spirit rF+ Dex+3}
Stlth   ++           l - ring of wizardry
HPRegen 0.27/turn    c - ring of protection from fire
MPRegen 0.12/turn

%: guardian spirit, wizardry (x1)
@: no status effects
A: AC +6, unfitting armour, cold-blooded
a: no special abilities


You were on level 5 of the Dungeon.
You visited 2 branches of the dungeon, and saw 6 of its levels.

You collected 255 gold pieces.
You spent 60 gold pieces at shops.

Inventory:

Hand Weapons
 a - a +2 whip of freezing (weapon)
Missiles
 v - 2 poisoned darts (quivered)
 w - 3 silver boomerangs
Armour
 d - a +0 cloak (worn)
 e - a +2 pair of boots (worn)
Jewellery
 c - a ring of protection from fire (right hand)
 l - a ring of wizardry (left hand)
 n - the amulet "Gizit" (around neck) {Spirit rF+ Dex+3}
   (You found it on level 2 of the Dungeon)

   [amulet of guardian spirit]

   It causes incoming damage to be divided between your reserves of health and
   magic.
   Dex:       It affects your dexterity (+3).
   rF:        It protects you from fire.
Potions
 b - a potion of curing {unknown}
 f - a potion of mutation {unknown}
 j - 3 potions of magic
 m - 2 potions of cancellation {unknown}
 o - a potion of attraction {unknown}
 q - a potion of haste {unknown}
 r - a potion of heal wounds
 x - a potion of resistance {unknown}


   Skills:
 + Level 0.6 Fighting
 + Level 0.5 Maces & Flails
 + Level 2.4 Dodging
 + Level 3.0 Stealth
 + Level 0.3 Unarmed Combat
 + Level 3.9 Spellcasting
 + Level 2.5 Conjurations
 + Level 5.1 Fire Magic


You had 6 spell levels left.
You knew the following spells:

 Your Spells              Type           Power      Damage    Failure   Level
a - Foxfire               Conj/Fire      68%        2x1d7     1%          1
b - Scorch                Fire           44%        2d6       1%          2
c - Inner Flame           Hex/Fire       12%        N/A       6%          3

Your spell library contained the following spells:

 Spells                   Type           Power      Damage    Failure   Level
 Volatile Blastmotes      Fire/Tloc      24%        2d12      6%          3
 Flame Wave               Conj/Fire      17%        2d7       12%         4
 Ozocubu's Armour         Ice            3%         N/A       17%         3
 Ozocubu's Refrigeration  Ice            1%         4d7       100%        7


Dungeon Overview and Level Annotations

Branches:
Dungeon (5/15)             Temple (1/1) D:4

Altars:
Ashenzari
Hepliaklqana
Kikubaaqudgha
Makhleb
Nemelex Xobeh
Okawaru
Qazlal
Trog
Uskayaw
Vehumet
Wu Jian
Zin
The Shining One

Shops:
D:2 !


Innate Abilities, Weirdness & Mutations

Your plain brown scales are hard. (AC +6)
You cannot fit into any form of body armour.
You are cold-blooded and may be slowed by cold attacks.


Message History

The orc wizard is almost dead.
The orc hits you with a +0 mace.
The orc wizard hits you but does no damage.
Unknown command.
Casting: Foxfire (safe; 1% risk of failure)
Confirm with . or Enter, or press ? or * to list all spells.
You conjure some foxfire!
The orc wizard hits you but does no damage.
Something hits you but does no damage. The orc hits you with a +0 mace.
Unknown command.
You hit the orc wizard. You freeze the orc wizard.
You kill the orc wizard!
The foxfire hits the orc.
The orc is heavily wounded.
The foxfire hits something but does no damage.
The orc barely misses you.
Something hits you but does no damage. x2
The orc priest calls upon Beogh to heal the orc.
The orc's wounds heal themselves!
The orc closely misses you.
Casting: Foxfire (safe; 1% risk of failure)
Confirm with . or Enter, or press ? or * to list all spells.
You don't have enough magic to cast this spell.
Unknown command.
Casting: Foxfire (safe; 1% risk of failure)
Confirm with . or Enter, or press ? or * to list all spells.
You don't have enough magic to cast this spell.
Unknown command.
Unknown command.
Something hits you but does no damage. The orc attacks as you move away!
The orc barely misses you. The orc hits you but does no damage.
A magic dart appears from out of thin air!
The magic dart hits you.
* * * LOW HITPOINT WARNING * * *
There is a stone staircase leading down here.
A puff of flame appears from out of thin air!
The puff of flame hits you but does no damage.
You resist.
The orc priest calls down the wrath of Beogh upon you.
Beogh smites you!
You die...

# # #. #.# #
######....# #.#
###.........## #.#
#............###.#
..P._.P.......##.#
......)......# #.#
......#.....# #.#
......##....####@#
......###ยง#.o{..$#
...........)######
.....^###.#.#
......# #....[
......# #####.#
#...### .# #...# #
#.###


You could see an orc priest.

Vanquished Creatures
  An ogre (D:4)
  A scorpion (D:3)
  A hound (D:5)
  A gnoll bouda (D:5)
  An iguana (D:4)
  3 orc wizards
  2 adders
  7 gnolls
  A worm (D:4)
  3 dart slugs
  4 orcs
  10 ball pythons
  7 endoplasms
  2 giant cockroaches
  16 goblins
  5 hobgoblins
  4 jackals (D:1)
  6 kobolds
  A quokka (D:2)
  3 bats
  A frilled lizard (D:1)
  6 rats
86 creatures vanquished.

Vanquished Creatures (others)
  219 foxfires
219 creatures vanquished.

Grand Total: 305 creatures vanquished

Notes
Turn   | Place    | Note
-------+----------+-------------------------------------------
     0 | D:1      | Eitelfritz the Draconian Fire Elementalist began the quest
                  | for the Orb.
     0 | D:1      | Reached XP level 1. HP: 14/14 MP: 3/3
   191 | D:1      | Reached XP level 2. HP: 20/20 MP: 3/5
   645 | D:1      | Learned a level 2 spell: Scorch
   885 | D:1      | Reached XP level 3. HP: 26/26 MP: 4/6
  1553 | D:2      | Found a hazy altar of Hepliaklqana.
  1564 | D:2      | Identified the amulet "Gizit" {Spirit rF+ Dex+3}
  1731 | D:2      | Found Jaiduag's Distillery.
  1739 | D:2      | Bought a potion of heal wounds for 50 gold pieces
  1739 | D:2      | Bought a potion of degeneration for 10 gold pieces
  2154 | D:3      | Found a hide-covered altar of Uskayaw.
  2411 | D:3      | Noticed a scorpion
  2420 | D:3      | Killed a scorpion
  2421 | D:3      | Reached skill level 4 in Fire Magic
  2421 | D:3      | Reached XP level 4. HP: 33/33 MP: 1/8
  2425 | D:3      | Learned a level 3 spell: Inner Flame
  2535 | D:3      | Found an ornate altar of the Wu Jian Council.
  2882 | D:3      | Reached XP level 5. HP: 38/38 MP: 9/9
  3538 | D:4      | Reached XP level 6. HP: 45/45 MP: 6/11
  3629 | D:4      | Found a staircase to the Ecumenical Temple.
  3635 | Temple   | Entered the Ecumenical Temple
  3770 | D:4      | Reached skill level 5 in Fire Magic
  3999 | D:4      | Found a glowing golden altar of the Shining One.
  4036 | D:4      | Found a glowing silver altar of Zin.
  4393 | D:5      | Entered Level 5 of the Dungeon
  4483 | D:5      | Found a stormy altar of Qazlal.
  4849 | D:5      | Found a sparkling altar of Nemelex Xobeh.
  4881 | D:5      | Killed from afar by an orc priest

Illustrated notes

Levels and vault maps discovered:
D:1:      lemuel_arrival_behind_the_door_small, layout_basic,
          amcnicky_mini_rare_corridor_liquid
D:2:      layout_loops_ring, basic_altar, serial_shops, shop
D:3:      layout_basic, mainiacjoe_overflow_boulevard,
          mainiacjoe_overflow_chevrons
D:4:      layout_cave_pools, lemuel_tele_altar, tso_metal_star,
          minmay_temple_entry_hall, serial_column_ruins,
          column_ruins_hut_pillars, column_ruins_open_small,
          column_ruins_columns_T, column_ruins_grid_4,
          column_ruins_corridor_plus, column_ruins_corridor_corner,
          column_ruins_open_large, minmay_ogre_servants
D:5:      layout_loops_ring, mainiacjoe_overflow_tiny_flanked,
          nicolae_overflow_crystal_walls, kennysheep_mini
Temple:   hellmonk_temple_micro_hex

Skill      XL: |  1  2  3  4  5  6 |
---------------+-------------------+-----
Stealth        | 2 3 |  3.0
Dodging        | 2 |  2.4
Fire Magic     | 4 5 |  5.1
Conjurations   | 2 |  2.5
Spellcasting   | 3 |  3.9
Fighting       | |  0.6
Maces & Flails | |  0.5
Unarmed Combat | |  0.3

Action                     |  1- 3 |  4- 6 || total
---------------------------+-------+-------++-------
  Melee: Unarmed           |    11 |       ||    11
         Tailslap          |     4 |     2 ||     6
         Whip              |     2 |    21 ||    23
   Cast: Foxfire           |    68 |    63 ||   131
         Scorch            |     3 |    18 ||    21
    Use: Scroll            |       |    11 ||    11
 Armour: Skin              |    14 |    35 ||    49
  Dodge: Dodged            |    35 |    57 ||    92
